 Dungeon Crawl Stone Soup version 0.22-a0-185-ge330310 (webtiles) character file.

214 vishdafish the Skirmisher (level 5, 42/42 HPs)
             Began as a Demonspawn Fighter on Feb 15, 2018.
             Quit the game on level 3 of the Dungeon.
             The game lasted 00:02:18 (2013 turns).

vishdafish the Skirmisher (Demonspawn Fighter)      Turns: 2013, Time: 00:02:19

Health: 42/42      AC:  6    Str: 17    XL:     5   Next: 59%
Magic:  5/5        EV:  7    Int:  8    God:
Gold:   48         SH:  9    Dex: 17    Spells: 4/4 levels left

rFire    . . .     SeeInvis .   a - +0 long sword
rCold    + . .     Gourm    .   c - +0 shield
rNeg     . . .     Faith    .   b - +0 scale mail
rPois    .         Spirit   .   (no helmet)
rElec    .         Reflect  .   (no cloak)
rCorr    .         Harm     .   (no gloves)
MR       .....                  (no boots)
Stlth    ..........             (no amulet)
HPRegen  0.14/turn              k - +3 ring of dexterity
MPRegen  0.09/turn              (no ring)

@: no status effects
A: hooves 2, agile 1, cold resistance 1, dopey 1, high mp 1, subdued magic 1
a: no special abilities


You were on level 3 of the Dungeon.
You were not hungry.

You visited 1 branch of the dungeon, and saw 3 of its levels.

You collected 48 gold pieces.

Inventory:

Hand Weapons
 a - a +0 long sword (weapon)
Armour
 b - a +0 scale mail (worn)
 c - a +0 shield (worn)
Jewellery
 k - a +3 ring of dexterity (left hand)
Wands
 d - a wand of random effects (20)
Scrolls
 e - 2 scrolls of magic mapping {unknown}
 g - a scroll of enchant armour {unknown}
 h - a scroll of immolation {unknown}
 l - a scroll of remove curse {unknown}
Potions
 i - a potion of heal wounds {unknown}
 j - a potion of mutation
 m - 2 potions of flight
Comestibles
 f - 4 rations


   Skills:
 + Level 3.8 Fighting
 * Level 3.5 Long Blades
 + Level 3.6 Armour
 + Level 3.5 Shields


You had 4 spell levels left.
You didn't know any spells.

Dungeon Overview and Level Annotations

Branches:
Dungeon (3/15)

Altars:
Hepliaklqana
Nemelex Xobeh


Innate Abilities, Weirdness & Mutations

You have hoof-like feet.
Your flesh is cold resistant. (rC+)
You are agile. (Dex +2)
You are dopey. (Int -2)
You have an increased reservoir of magic. (+10% MP)
Your spells are a little easier to cast, but a little less powerful.


Message History

No target in view!
No target in view!
No target in view!
No target in view!
No target in view!
No target in view!
Found a stone staircase leading down.
Found a long sword.
You now have 48 gold pieces (gained 4).
Key pressed, stopping explore.
No target in view!
No target in view!
No target in view!
No target in view!
No target in view!
No target in view!
A kobold comes into view. It is wielding a short sword.
The kobold shouts!
A kobold is nearby!
Are you sure you want to abandon this character and quit the game? (Confirm with "yes".)

........................#.......
................................
...........................
............................
............................
...........................
..........................
.........................
................@.....##
........####..........#
......................#
..........[.............
........................
........................
......................K.
........................
....................


You could see a kobold.

Vanquished Creatures
  A bullfrog (D:2)
  Jessica (D:2)
  6 adders
  A worm (D:2)
  3 dart slugs (D:1)
  A leopard gecko (D:2)
  A giant cockroach (D:1)
  9 goblins
  5 hobgoblins
  A jackal (D:3)
  3 quokkas
  11 bats
  4 frilled lizards
  10 kobolds
  7 rats
64 creatures vanquished.

Notes
Turn   | Place    | Note
-------+----------+-------------------------------------------
     0 | D:1      | vishdafish the Demonspawn Fighter began the quest for the Orb.
     0 | D:1      | Reached XP level 1. HP: 18/18 MP: 1/1
    58 | D:1      | Gained mutation: You have large cloven feet. [demonic ancestry]
    58 | D:1      | Reached XP level 2. HP: 22/24 MP: 2/2
   338 | D:1      | Gained mutation: Your flesh is cold resistant. (rC+) [demonic ancestry]
   338 | D:1      | Reached XP level 3. HP: 21/29 MP: 3/3
   694 | D:2      | Gained mutation: You are dopey. (Int -2) [potion of mutation]
   694 | D:2      | Gained mutation: Your spells are a little easier to cast, but a little less powerful. [potion of mutation]
   694 | D:2      | Gained mutation: You have an increased reservoir of magic. (+10% MP) [potion of mutation]
   694 | D:2      | Gained mutation: You are agile. (Dex +2) [potion of mutation]
   870 | D:2      | Noticed a bullfrog
  1116 | D:2      | Reached XP level 4. HP: 27/35 MP: 4/4
  1267 | D:2      | Killed a bullfrog
  1267 | D:2      | Gained mutation: You have hoof-like feet. [demonic ancestry]
  1267 | D:2      | Reached XP level 5. HP: 5/42 MP: 5/5
  1470 | D:2      | Noticed Jessica
  1474 | D:2      | Killed Jessica
  1918 | D:3      | Found a sparkling altar of Nemelex Xobeh.
  1918 | D:3      | Found a hazy altar of Hepliaklqana.
  2013 | D:3      | Quit the game

Vault maps used:
D:1:      minmay_arrival_checkered_box
D:2:      uniq_jessica
D:3:      chequers_temple_overflow_statue_of_worship, first_ration

Skill      XL: |  1  2  3  4 |
---------------+-------------+-----
Long Blades    | 2 3 |  3.5
Armour         | 3 |  3.6
Shields        | 3 |  3.5
Fighting       | |  3.8

Action                   |  1- 3 |  4- 6 || total
-------------------------+-------+-------++-------
Melee: Long sword        |   106 |    74 ||   180
       Kick              |    25 |    15 ||    40
  Use: Potion            |     4 |     1 ||     5
  Eat: Chunk             |       |     4 ||     4
Armor: Scale mail        |    54 |    25 ||    79
       Skin              |     4 |       ||     4
Dodge: Dodged            |    26 |    26 ||    52
Block: Shield            |    66 |    40 ||   106
       Rpst.: Long sword |    10 |     8 ||    18

Table legend:
 A = Spawn XP
 B = Non-spawn XP
 C = Spawn XP percentage of total XP
 D = Spawn monster count
 E = Non-spawn monster count
 F = Spawn count percentage of total count
 G = Total turns spent on level
                    A         B        C        D         E        F      G
               +---------+---------+-------+---------+---------+-------+---------
         Total |       0 |     306 |   0.0 |       0 |      64 |   0.0 |  2013
               +---------+---------+-------+---------+---------+-------+---------
           D:1 |       0 |      50 |   0.0 |       0 |      28 |   0.0 |   815
           D:2 |       0 |     218 |   0.0 |       0 |      27 |   0.0 |   978
           D:3 |       0 |      38 |   0.0 |       0 |       9 |   0.0 |   220
               +---------+---------+-------+---------+---------+-------+---------
